[Event "Titled Tuesday Blitz December 14 2021"]
[White "Horvath, Dominik"]
[Black "Boskovic, Drasko"]
[WhiteFideId "1642561"]
[BlackFideId "927368"]
[WhiteElo "2336"]
[BlackElo "2388"]
[Result "1-0"]
[Round "04"]
[TimeControl "180+1"]
[Date "2021.12.14"]
[WhiteClock "0:00:36"]
[BlackClock "0:00:04"]

1. e4 c5 2. c3 d5 3. exd5 Qxd5 4. d4 g6 5. Nf3 Bg7 6. Na3 cxd4 7. Nb5 Qd8 8. Bf4 Na6 9. Nbxd4 Nf6 10. Bb5+ Bd7 11. Bxd7+ Nxd7 12. O-O O-O 13. Re1 Re8 14. Nb5 Nb6 15. a4 Nc4 16. Qb3 Qc8 17. Rad1 h6 18. h4 Na5 19. Qc2 Qg4 20. Bg3 Nc6 21. Re4 Qf5 22. Qe2 Nc5 23. Rf4 Qh5 24. Nc7 e5 25. Rc4 e4 26. Nxa8 Rxa8 27. Nd4 Qxe2 28. Nxe2 b6 29. b4 f5 30. bxc5 Na5 31. Rb4 bxc5 32. Rb5 Nc4 33. Rd7 Nb6 34. Rc7 1-0


[Site "https://www.chess.com"]

[Event "Titled Tuesday Blitz December 14 2021"]
[White "Ibarra Jerez, Jose Carlos"]
[Black "Cunha, Lucas Aguiar"]
[WhiteFideId "2226332"]
[BlackFideId "2125404"]
[WhiteElo "2626"]
[BlackElo "2361"]
[Result "1-0"]
[Round "04"]
[TimeControl "180+1"]
[Date "2021.12.14"]
[WhiteClock "0:00:25"]
[BlackClock "0:00:45"]

1. e4 c5 2. Nc3 Nc6 3. Nf3 e6 4. d4 cxd4 5. Nxd4 Qc7 6. g3 a6 7. Bg2 Nf6 8. O-O d6 9. Re1 Bd7 10. Nxc6 bxc6 11. Na4 Rb8 12. c4 c5 13. Nc3 Be7 14. e5 dxe5 15. Rxe5 Qxe5 16. Bf4 Qd4 17. Bxb8 O-O 18. Qb3 Ng4 19. Ne4 Ba4 20. Qb7 Bc6 21. Qxc6 Rxb8 22. Qc7 Qxb2 23. Rf1 Bd8 24. Qxc5 Bb6 25. Qd6 Bd4 26. h3 Ne5 27. Rd1 f5 28. Rxd4 fxe4 29. Qxe5 1-0


[Site "https://www.chess.com"]

[Event "Titled Tuesday Blitz December 14 2021"]
[White "Ibrahimli, Murad"]
[Black "Secheres, Adrian-Simion"]
[WhiteFideId "13410229"]
[BlackFideId "1217445"]
[WhiteElo "2874"]
[BlackElo "2740"]
[Result "1-0"]
[Round "04"]
[TimeControl "180+1"]
[Date "2021.12.14"]
[WhiteClock "0:00:35"]
[BlackClock "0:00:07"]

1. d4 Nf6 2. c4 g6 3. Nc3 Bg7 4. e4 d6 5. Nf3 O-O 6. Be2 e5 7. Be3 Ng4 8. Bg5 f6 9. Bh4 Nc6 10. d5 Ne7 11. Nd2 Nh6 12. f3 Nf7 13. Qc2 f5 14. O-O-O a6 15. Kb1 Qe8 16. Nb3 fxe4 17. fxe4 g5 18. Be1 b6 19. h4 g4 20. g3 h5 21. Bd2 Bd7 22. Rhf1 Rc8 23. Be3 Ng6 24. Qd2 Kh7 25. Rf2 Nh6 26. Rdf1 Rxf2 27. Rxf2 Qg8 28. c5 bxc5 29. Bxa6 Rf8 30. Bc4 Rxf2 31. Qxf2 Qd8 32. Na5 Bf6 33. Nc6 Bxc6 34. dxc6 Nxh4 35. gxh4 Bxh4 36. Qd2 Ng8 37. Be6 g3 38. Bf5+ Kh8 39. Qe2 Nf6 40. Nd5 Qe8 41. Nxf6 Bxf6 42. Qf3 h4 43. Bh3 Qg6 44. Qf5 Qxf5 45. Bxf5 g2 46. Bh3 Bg5 47. Bg1 d5 48. Bxg2 d4 49. b3 Bd2 50. Kc2 Bb4 51. Bf2 h3 52. Bxh3 Kg7 53. Kd3 Kf6 54. Bh4+ Kf7 55. Bd8 Ba5 56. Kc4 Bb6 57. a4 Ke8 58. Bf6 1-0


[Site "https://www.chess.com"]

[Event "Titled Tuesday Blitz December 14 2021"]
[White "Janaszak, Dawid"]
[Black "Pakleza, Zbigniew"]
[WhiteFideId "1119206"]
[BlackFideId "1119290"]
[WhiteElo "2215"]
[BlackElo "2526"]
[Result "0-1"]
[Round "04"]
[TimeControl "180+1"]
[Date "2021.12.14"]
[WhiteClock "0:00:03"]
[BlackClock "0:00:20"]

1. e4 d6 2. Nc3 Nf6 3. d4 c6 4. a4 Nbd7 5. Nge2 e5 6. g3 b6 7. Bg2 a6 8. h3 Bb7 9. g4 b5 10. axb5 axb5 11. Rxa8 Bxa8 12. Be3 g6 13. Ng3 h5 14. g5 h4 15. Nge2 Nh7 16. Qd2 Be7 17. f4 exf4 18. Nxf4 Bxg5 19. O-O O-O 20. Qf2 b4 21. Nce2 Qe7 22. Ra1 Ndf6 23. e5 dxe5 24. dxe5 Qxe5 25. Bd4 Qf5 26. Bc5 Re8 27. Bxb4 Ne4 28. Qe3 c5 29. Be1 Bb7 30. Ra7 Nd6 31. Qd3 Bxg2 32. Qxf5 Nxf5 33. Kxg2 Bxf4 34. Nxf4 Rxe1 0-1


[Site "https://www.chess.com"]

[Event "Titled Tuesday Blitz December 14 2021"]
[White "Jobava, Baadur"]
[Black "Koellner, Ruben Gideon"]
[WhiteFideId "13601520"]
[BlackFideId "12993093"]
[WhiteElo "2689"]
[BlackElo "2574"]
[Result "1-0"]
[Round "04"]
[TimeControl "180+1"]
[Date "2021.12.15"]
[WhiteClock "0:00:20"]
[BlackClock "0:00:03"]

1. b3 e5 2. Bb2 g6 3. Bxe5 Nf6 4. Bb2 Bg7 5. e3 O-O 6. Nf3 d6 7. Be2 Re8 8. O-O Nc6 9. c4 Bf5 10. Nc3 Ne4 11. d4 Nxc3 12. Bxc3 h5 13. Rc1 a5 14. Re1 b6 15. h3 Nb8 16. Bd3 Bxd3 17. Qxd3 Nd7 18. e4 c6 19. Rcd1 Qc7 20. Re2 Re7 21. Rde1 Rae8 22. a3 Qb8 23. b4 a4 24. b5 c5 25. Qc2 Qc7 26. Qxa4 Qb7 27. Qc2 Qa8 28. a4 Qb7 29. d5 Bxc3 30. Qxc3 f6 31. a5 bxa5 32. Qxa5 Nb6 33. Qc3 Kg7 34. Ng5 Re5 35. f4 fxg5 36. fxe5 Rxe5 37. Rf1 Qe7 38. Ref2 Nd7 39. Qb2 Nb6 40. Qc3 Nd7 41. Rf7+ Qxf7 42. Rxf7+ Kxf7 43. Qa3 Rxe4 44. Qf3+ Rf4 45. Qe2 Ne5 46. b6 Ke7 47. b7 Rf8 48. Qe3 Rb8 49. Qxg5+ Kd7 50. Qf6 Rxb7 51. Qe6+ Kc7 52. Qe7+ Nd7 53. Qg7 Rb1+ 54. Kh2 Rc1 55. Qxg6 Rxc4 56. Qxh5 Rd4 57. h4 Ne5 58. Qh7+ Kb6 59. h5 Rxd5 60. h6 Ng4+ 61. Kg3 Nxh6 62. Qxh6 c4 63. Kf3 Kc5 64. Qg7 Rd3+ 65. Ke2 d5 66. g4 Rg3 67. Qc7+ Kd4 68. Qxg3 1-0


[Site "https://www.chess.com"]

[Event "Titled Tuesday Blitz December 14 2021"]
[White "Keymer, Vincent"]
[Black "Mischuk, Dmitry"]
[WhiteFideId "12940690"]
[BlackFideId "14118734"]
[WhiteElo "2557"]
[BlackElo "2344"]
[Result "1/2-1/2"]
[Round "04"]
[TimeControl "180+1"]
[Date "2021.12.14"]
[WhiteClock "0:00:08"]
[BlackClock "0:00:27"]

1. Nf3 d5 2. c4 e6 3. e3 c5 4. cxd5 exd5 5. d4 Nc6 6. Bb5 cxd4 7. Nxd4 Bd7 8. O-O Nf6 9. Nc3 Bd6 10. Nf3 a6 11. Bxc6 Bxc6 12. b3 O-O 13. Bb2 Re8 14. h3 Rc8 15. Rc1 Ne4 16. Qd4 Bf8 17. Rfd1 Qa5 18. a4 Rcd8 19. Ne2 Rd6 20. Ba3 Rf6 21. Bxf8 Kxf8 22. Nf4 Rd6 23. Nd2 Rdd8 24. Nh5 f6 25. Nf4 Kf7 26. Nf3 Rd7 27. Nd3 Rde7 28. Qb4 Qd8 29. Nc5 a5 30. Qd4 Qb8 31. Nd3 Kg8 32. Nf4 Rd7 33. Ne1 Rdd8 34. Ned3 Qd6 35. Nc5 Qe5 36. Qxe5 fxe5 37. Nfe6 Rd6 38. Nxe4 Rdxe6 39. Nc5 Rd6 40. Rd2 Red8 41. Rcd1 Kf7 42. Nd3 Ke6 43. f4 exf4 44. Nxf4+ Ke5 45. Rd4 g5 46. Nd3+ Kf5 47. Rf1+ Kg6 48. Rf3 Rf6 49. Rg3 h6 50. h4 Re8 51. hxg5 hxg5 52. Rdg4 Rf5 53. Rd4 Re4 54. Rf3 Rxf3 55. gxf3 Rxe3 56. Kf2 Re8 57. Kg3 Kf5 58. Kf2 Rh8 59. Kg3 Rh1 60. b4 axb4 61. Rxb4 Ra1 62. Nc5 Ra3 63. Kf2 Ke5 64. Nxb7 Bxb7 65. Rxb7 Rxa4 66. Re7+ Kf6 67. Rd7 Ra5 68. Rd8 Ke6 69. Rg8 Kf6 70. Rf8+ Kg7 71. Rd8 Kg6 72. Kg3 Kf6 73. Rf8+ Kg7 74. Rd8 Kf7 75. Kg4 Kf6 76. Rf8+ Ke7 77. Rf5 Ra4+ 78. Kxg5 Ke6 79. f4 d4 80. Re5+ Kd6 81. Re1 Kd5 82. f5 Ra2 83. f6 Rg2+ 84. Kh6 Rf2 85. Kg7 d3 86. f7 Kd4 87. Re6 d2 88. Rd6+ Ke3 89. Re6+ Kd3 90. Rd6+ Ke2 91. Re6+ Kd1 92. Rc6 Ke1 93. Re6+ Kf1 94. Rd6 Ke1 95. Re6+ Kf1 96. Rd6 Ke1 97. Re6+ 1/2-1/2


[Site "https://www.chess.com"]

[Event "Titled Tuesday Blitz December 14 2021"]
[White "Kim, Sergey"]
[Black "Demidov, Mikhail"]
[WhiteFideId "13700570"]
[BlackFideId "4197143"]
[WhiteElo "2557"]
[BlackElo "2592"]
[Result "0-1"]
[Round "04"]
[TimeControl "180+1"]
[Date "2021.12.15"]
[WhiteClock "0:00:05"]
[BlackClock "0:00:07"]

1. d4 d5 2. c4 c6 3. Nf3 Nf6 4. e3 Bf5 5. Nc3 e6 6. Be2 h6 7. O-O Nbd7 8. b3 Qa5 9. Bb2 Be7 10. a3 O-O 11. b4 Qd8 12. Rc1 Ne4 13. h3 Nxc3 14. Bxc3 Nf6 15. Ne5 Ne4 16. Be1 Bf6 17. f3 Nd6 18. cxd5 cxd5 19. Bg3 Bh4 20. Qe1 Bxg3 21. Qxg3 Qe7 22. Rc5 f6 23. Ng6 Bxg6 24. Qxg6 b6 25. Rc6 Rfc8 26. Rfc1 Rxc6 27. Rxc6 Rc8 28. Rxc8+ Nxc8 29. Bd3 f5 30. g4 Nd6 31. Kg2 Qf7 32. gxf5 Nxf5 33. Bxf5 Qxf5 34. Qe8+ Kh7 35. h4 Qg6+ 36. Qxg6+ Kxg6 37. Kg3 Kf5 38. Kh3 e5 39. dxe5 Kxe5 40. Kg4 g6 41. Kg3 a6 42. a4 b5 43. a5 d4 44. exd4+ Kxd4 45. Kf4 Kc4 46. Ke5 Kxb4 47. h5 gxh5 48. f4 Kc3 49. f5 b4 50. f6 b3 51. f7 b2 52. f8=Q b1=Q 53. Qc5+ Kd2 54. Qf2+ Kc1 55. Qe3+ Kb2 56. Qd4+ Ka2 57. Qc4+ Qb3 58. Qxa6 Qe3+ 59. Kd5 h4 60. Qb6 Qb3+ 61. Kd6 h3 62. Qd4 h2 63. Qf2+ Qb2 64. Qf7+ Ka1 65. Qd5 Qa3+ 66. Kc6 Qc1+ 67. Kb7 h1=Q 0-1


[Site "https://www.chess.com"]

[Event "Titled Tuesday Blitz December 14 2021"]
[White "Kislov, Oleg"]
[Black "Andreikin, Dmitry"]
[WhiteFideId "13503774"]
[BlackFideId "4158814"]
[WhiteElo "2252"]
[BlackElo "2736"]
[Result "1/2-1/2"]
[Round "04"]
[TimeControl "180+1"]
[Date "2021.12.15"]
[WhiteClock "0:00:03"]
[BlackClock "0:00:35"]

1. e4 c5 2. Nf3 e6 3. c3 Nf6 4. e5 Nd5 5. d4 cxd4 6. cxd4 b6 7. Nc3 Bb7 8. Bd3 Na6 9. O-O Nab4 10. Bb1 Nxc3 11. bxc3 Nd5 12. Bd2 Rc8 13. Qb3 Ba6 14. Rc1 Bc4 15. Qc2 Ba3 16. Re1 h6 17. Qe4 Bb2 18. Qg4 g5 19. Bc2 Bxa1 20. Rxa1 Qe7 21. Qh5 Be2 22. Re1 Bxf3 23. Qxf3 Qa3 24. Bb3 Qb2 25. Rd1 Nxc3 26. Bxc3 Rxc3 27. Qa8+ Ke7 28. Qxh8 Rc1 29. Qf6+ Ke8 30. Qf3 b5 31. Rxc1 Qxc1+ 32. Qd1 Qc3 33. h3 a5 34. Qf3 Qxd4 35. Qa8+ Ke7 36. Qxa5 Qa1+ 37. Kh2 Qxe5+ 38. g3 Qd4 39. Qe1 Kf6 40. Qe3 Qxe3 41. fxe3 Ke5 42. Kg2 Ke4 43. Kf2 Kd3 44. Kf3 f5 45. g4 fxg4+ 46. hxg4 d5 47. Kf2 Kd2 48. Kf3 Kd3 49. Bd1 Kc3 50. Be2 b4 51. Bd1 e5 52. Bb3 d4 53. exd4 exd4 54. Ke2 d3+ 55. Kd1 d2 56. Bf7 Kd3 57. Bg6+ Ke3 58. Bf5 Kf4 59. Bd7 Ke3 60. Bc8 Kd3 61. Ba6+ Ke3 62. Bb5 Kf4 63. Bd7 Ke3 64. Bc8 Kd3 65. Bf5+ Ke3 66. Bg6 Kf4 67. Bh5 Ke3 68. Be8 Kf4 69. Bd7 1/2-1/2


[Site "https://www.chess.com"]

[Event "Titled Tuesday Blitz December 14 2021"]
[White "Korkmaz, Necmettin"]
[Black "Gonzalez, Francisco Silva"]
[WhiteFideId "6303285"]
[BlackFideId "1512285"]
[WhiteElo "2094"]
[BlackElo "2159"]
[Result "1-0"]
[Round "04"]
[TimeControl "180+1"]
[Date "2021.12.15"]
[WhiteClock "0:00:05"]
[BlackClock "0:00:08"]

1. d4 Nf6 2. c4 e6 3. Nf3 d5 4. e3 a6 5. Nc3 dxc4 6. Bxc4 b5 7. Be2 Bb7 8. O-O Nbd7 9. b3 c5 10. Bb2 Rc8 11. Rc1 Be7 12. Ne5 cxd4 13. exd4 Nxe5 14. dxe5 Nd7 15. Bf3 Qb6 16. Ne4 Rxc1 17. Qxc1 O-O 18. Rd1 Bxe4 19. Bxe4 Nc5 20. Bb1 g6 21. Bd4 b4 22. Qe3 Rd8 23. Rc1 Qb5 24. g3 Nd7 25. Be4 Nf8 26. Bc6 Qb8 27. Ba7 Qc8 28. Bb6 h5 29. Bxd8 Qxd8 30. Bb7 Qa5 31. Qf4 Qb6 32. Be4 Qd4 33. Rc7 Qd8 34. Ra7 a5 35. Ra8 Qd4 36. Rxa5 Kg7 37. h4 Qd1+ 38. Kg2 Qd8 39. Ra7 Kg8 40. Qe3 Nh7 41. Qh6 Bf8 42. Qf4 Qe8 43. Ra8 Qe7 44. Qh6 Qc5 45. Bxg6 fxg6 46. Qxg6+ Kh8 47. Re8 Qc6+ 48. Kh2 Qc5 49. Qf7 Qxe5 50. Rxf8+ Nxf8 51. Qxf8+ Kh7 52. Qf4 Qc5 53. Qe3 Qd6 54. Qe4+ Kg7 55. Qf4 Qb6 56. Qg5+ Kf8 57. Qf6+ Ke8 58. Qh8+ Ke7 59. Qg7+ Ke8 60. Qf6 Kd7 61. Qf4 Ke7 62. g4 hxg4 63. h5 Qc5 64. h6 Qh5+ 65. Kg1 g3 66. fxg3 Qd1+ 67. Kg2 Qe2+ 68. Kh3 Qd3 69. Qg5+ Kd7 70. Kh4 Qe4+ 71. Kh5 Qf3+ 72. Kg6 Ke8 73. h7 Qf7+ 74. Kh6 Qf8+ 75. Kh5 Qf3+ 76. g4 Qh3+ 77. Kg6 Qd3+ 78. Kg7 Qd7+ 79. Kg8 Qf7+ 80. Kh8 Kd7 81. Qg7 Qxg7+ 82. Kxg7 e5 83. h8=Q Kd6 84. Qe8 Kd5 85. Kf6 e4 86. Qe5+ Kc6 87. Qxe4+ Kc5 88. Qc4+ Kd6 89. Qxb4+ Kd5 90. Qc4+ Kd6 91. a4 Kd7 92. Qd5+ Kc7 93. Qc5+ Kb7 94. Ke7 Ka6 95. Qc4+ Kb7 96. Qb5+ Kc7 97. Qd7+ Kb6 98. g5 Ka6 99. Qb5+ Ka7 100. Kd7 Ka8 101. Kc7 Ka7 102. Qb7# 1-0


[Site "https://www.chess.com"]

[Event "Titled Tuesday Blitz December 14 2021"]
[White "Lazavik, Denis"]
[Black "Donchenko, Alexander"]
[WhiteFideId "13515110"]
[BlackFideId "24603295"]
[WhiteElo "2942"]
[BlackElo "2779"]
[Result "1/2-1/2"]
[Round "04"]
[TimeControl "180+1"]
[Date "2021.12.14"]
[WhiteClock "0:00:07"]
[BlackClock "0:00:08"]

1. d4 Nf6 2. c4 e6 3. Nf3 d5 4. g3 Bb4+ 5. Bd2 Bd6 6. Nc3 O-O 7. Qc2 Nbd7 8. e4 Nxe4 9. Nxe4 dxe4 10. Qxe4 e5 11. dxe5 Nxe5 12. O-O-O Qf6 13. Nh4 Bd7 14. f4 Bc6 15. fxe5 Bxe4 16. exf6 Bxh1 17. fxg7 Rfe8 18. Bc3 Be5 19. Bxe5 Rxe5 20. Bd3 Be4 21. Bxe4 Rxe4 22. Nf5 Rxc4+ 23. Kb1 Re8 24. a3 h5 25. h3 Kh7 26. Rd7 Kg6 27. g8=Q+ Rxg8 28. Ne7+ Kg7 29. Nxg8 Kxg8 30. Rd5 h4 31. g4 Kg7 32. Rh5 Re4 33. Rxh4 f5 34. Rh5 fxg4 35. hxg4 Rxg4 36. Rd5 Rf4 37. Rd8 Rf7 38. Ra8 a6 39. Ra7 c6 40. Ra8 Kf6 41. Re8 Re7 42. Rf8+ Ke6 43. Kc2 Kd6 44. Kc3 Kc5 45. Rf5+ Kb6 46. Rf3 Re5 47. b3 a5 48. a4 Rh5 49. Rg3 Kc5 50. Rf3 Kd5 51. Rd3+ Kc5 52. Rg3 Rf5 53. Rd3 Rf7 54. Rh3 b6 55. Rh5+ Kd6 56. Rh6+ Kd5 57. Rh5+ Ke6 58. Rh6+ Rf6 59. Rh3 Kd5 60. Rg3 Ke4 61. Rg4+ Ke5 62. Rg5+ Rf5 63. Rg3 Rf6 64. Rg5+ Kd6 65. Rg3 Rf5 66. Rh3 Kc5 67. Rg3 Re5 68. Rh3 Rg5 69. Rf3 b5 70. axb5 cxb5 71. Rh3 b4+ 72. Kb2 Re5 73. Rh2 Kd4 74. Kc2 Rc5+ 75. Kb2 Rf5 76. Kc2 Ke3 77. Rh3+ Rf3 78. Rh5 Rf2+ 79. Kb1 Kd3 80. Rxa5 Kc3 81. Rc5+ Kxb3 82. Rc1 Ka3 83. Rh1 Kb3 84. Rh3+ Ka4 85. Rh1 Rg2 86. Rc1 b3 87. Rh1 Ka3 88. Rc1 Rb2+ 89. Ka1 Rc2 90. Rh1 Ra2+ 91. Kb1 Rg2 92. Ka1 Ka4 93. Kb1 Ka3 1/2-1/2


[Site "https://www.chess.com"]

[Event "Titled Tuesday Blitz December 14 2021"]
[White "Le, Tuan Minh"]
[Black "Svane, Frederik"]
[WhiteFideId "12401153"]
[BlackFideId "12923044"]
[WhiteElo "2983"]
[BlackElo "2792"]
[Result "0-1"]
[Round "04"]
[TimeControl "180+1"]
[Date "2021.12.14"]
[WhiteClock "0:00:03"]
[BlackClock "0:00:22"]

1. d4 Nf6 2. Nf3 e6 3. Bf4 b6 4. e3 Be7 5. Bd3 c5 6. c3 Ba6 7. O-O Bxd3 8. Qxd3 O-O 9. Nbd2 Nc6 10. h3 d5 11. Rad1 Qc8 12. Rfe1 Rd8 13. Qe2 Qb7 14. Ne5 h6 15. Qf3 b5 16. dxc5 Nxe5 17. Bxe5 Nd7 18. Bf4 Nxc5 19. Nb3 Ne4 20. Be5 a5 21. Qg4 Bf6 22. Bf4 Kh8 23. Nd2 Nxd2 24. Rxd2 b4 25. cxb4 axb4 26. Rc1 e5 27. Bg3 Rxa2 28. Qf5 Re8 29. Rc5 d4 30. exd4 exd4 31. Rc7 Qa6 32. Rd1 Qe2 33. Rf1 d3 34. Rxf7 Qxf1+ 35. Kh2 Ra1 36. Be5 Bxe5+ 37. f4 Qxf4+ 38. Qxf4 Bxf4+ 39. Rxf4 d2 40. Rd4 d1=Q 0-1


[Site "https://www.chess.com"]

[Event "Titled Tuesday Blitz December 14 2021"]
[White "Leiva, Gianmarco"]
[Black "Kamsky, Gata"]
[WhiteFideId "3804399"]
[BlackFideId "2000024"]
[WhiteElo "2328"]
[BlackElo "2645"]
[Result "0-1"]
[Round "04"]
[TimeControl "180+1"]
[Date "2021.12.14"]
[WhiteClock "0:00:17"]
[BlackClock "0:01:19"]

1. e4 c5 2. Nf3 e6 3. g3 d6 4. Bg2 e5 5. O-O Nf6 6. c3 Be7 7. d4 Nc6 8. dxe5 dxe5 9. Qc2 h6 10. Rd1 Qc7 11. Na3 O-O 12. Nc4 Be6 13. Ne3 Rfd8 14. Bd2 c4 15. Nf5 Bc5 16. b4 cxb3 17. axb3 Qb6 18. b4 Bxf2+ 19. Kh1 Bxf5 20. exf5 e4 21. Nh4 e3 22. Be1 Bxe1 23. Rxe1 Rd2 24. Qb3 Ne5 25. c4 Nfg4 26. c5 Qf6 27. Bxb7 Rxh2+ 28. Kg1 Rd8 29. Bg2 Rxh4 30. gxh4 Qxh4 31. Rad1 Rd2 0-1


[Site "https://www.chess.com"]

[Event "Titled Tuesday Blitz December 14 2021"]
[White "Makhnev, Denis"]
[Black "Ovetchkin, Roman"]
[WhiteFideId "13707647"]
[BlackFideId "4119991"]
[WhiteElo "2491"]
[BlackElo "2432"]
[Result "0-1"]
[Round "04"]
[TimeControl "180+1"]
[Date "2021.12.15"]
[WhiteClock "0:00:07"]
[BlackClock "0:00:09"]

1. d4 Nf6 2. c4 g6 3. g3 Bg7 4. Bg2 O-O 5. Nc3 d6 6. Nf3 c6 7. O-O Bf5 8. Ng5 d5 9. Qb3 Qb6 10. cxd5 Qxb3 11. axb3 cxd5 12. Nxd5 Nxd5 13. Bxd5 Nc6 14. e3 h6 15. Nf3 Rfd8 16. Bc4 e5 17. Nh4 Bh3 18. Rd1 g5 19. Ng2 exd4 20. exd4 Nxd4 21. Be3 Nf3+ 22. Kh1 Bxb2 23. Rab1 Bd4 24. Bxd4 Nxd4 25. Ne3 Rac8 26. Bd5 Nc6 27. b4 Be6 28. b5 Na5 29. Bxe6 fxe6 30. Kg2 Kg7 31. Kf3 h5 32. Ke4 Kf6 33. g4 hxg4 34. Nxg4+ Ke7 35. Ne5 Rxd1 36. Rxd1 Rc7 37. f4 gxf4 38. Kxf4 Nb3 39. h4 Kf6 40. Rg1 Rg7 41. Ng4+ Ke7 42. h5 Nc5 43. h6 Rf7+ 44. Kg5 Nd7 45. Rh1 Nf8 46. Ne5 Rf5+ 47. Kg4 Rxe5 48. h7 Ng6 49. h8=Q Nxh8 50. Rxh8 Rxb5 51. Rb8 Kd6 52. Kf4 a5 53. Ke4 Rb4+ 54. Kd3 a4 55. Rd8+ Ke5 56. Ra8 Rb3+ 57. Kc4 b5+ 58. Kc5 a3 59. Ra5 Ke4 60. Ra6 e5 61. Ra5 b4 62. Ra4 Rb2 63. Kc4 Ke3 64. Kd5 e4 0-1


[Site "https://www.chess.com"]

[Event "Titled Tuesday Blitz December 14 2021"]
[White "Maly, Alexey"]
[Black "Vachier-Lagrave, Maxime"]
[WhiteFideId "14103184"]
[BlackFideId "623539"]
[WhiteElo "2827"]
[BlackElo "3079"]
[Result "1-0"]
[Round "04"]
[TimeControl "180+1"]
[Date "2021.12.14"]
[WhiteClock "0:00:09"]
[BlackClock "0:00:17"]

1. d4 Nf6 2. c4 g6 3. Nc3 d5 4. cxd5 Nxd5 5. e4 Nxc3 6. bxc3 Bg7 7. Nf3 c5 8. Be3 Qa5 9. Qd2 Nc6 10. Rc1 cxd4 11. cxd4 Qxd2+ 12. Kxd2 O-O 13. d5 Rd8 14. Ke1 Na5 15. Bg5 Bd7 16. Bd3 Rdc8 17. Ke2 e6 18. Rxc8+ Rxc8 19. Rc1 Rxc1 20. Bxc1 exd5 21. exd5 b6 22. Be3 Nb7 23. Nd4 Bxd4 24. Bxd4 Kf8 25. Bf6 Nc5 26. Ke3 Ke8 27. Kd4 Ba4 28. Be2 Kd7 29. Bg4+ Kc7 30. Be5+ Kb7 31. Bd6 f5 32. Bf3 Nd7 33. h4 a5 34. h5 Bc2 35. h6 b5 36. g4 b4 37. Be2 Kb6 38. Be7 Kc7 39. g5 Bb1 40. Bc4 Nb6 41. d6+ Kd7 42. Bb5+ Ke6 43. Be8 f4 44. Kc5 Nd7+ 45. Kc6 Ne5+ 46. Kc7 Bxa2 47. Bf6 b3 48. Bxe5 Kxe5 49. Bf7 a4 50. d7 Ke4 51. d8=Q Kf3 52. Qd3+ Kxf2 53. Bd5 1-0


[Site "https://www.chess.com"]

[Event "Titled Tuesday Blitz December 14 2021"]
[White "Martins, Bruno Andre Leite"]
[Black "Samsonkin, Artiom"]
[WhiteFideId "1942255"]
[BlackFideId "13503111"]
[WhiteElo "2137"]
[BlackElo "2513"]
[Result "1-0"]
[Round "04"]
[TimeControl "180+1"]
[Date "2021.12.14"]
[WhiteClock "0:01:26"]
[BlackClock "0:00:05"]

1. e4 c5 2. Nf3 d6 3. d4 cxd4 4. Nxd4 Nf6 5. Nc3 a6 6. Bd3 g6 7. O-O Bg7 8. Re1 O-O 9. Bf1 b5 10. a4 b4 11. Nd5 Bb7 12. Bg5 Nbd7 13. a5 Nxd5 14. exd5 Nf6 15. Nc6 Bxc6 16. dxc6 Qc7 17. g3 h6 18. Bd2 Qxc6 19. Rxe7 Rab8 20. Ra7 Ra8 21. Rxa8 Rxa8 22. Bxb4 Ne4 23. c3 d5 24. Bg2 Kh7 25. Qa4 Qf6 26. Qc2 Re8 27. Re1 Qc6 28. Re2 f5 29. f3 Ng5 30. Rxe8 Qxe8 31. Qd2 d4 32. cxd4 Bxd4+ 33. Qxd4 1-0


[Site "https://www.chess.com"]

[Event "Titled Tuesday Blitz December 14 2021"]
[White "Matinian, Nikita"]
[Black "Timofeev, Artyom"]
[WhiteFideId "24129100"]
[BlackFideId "4140419"]
[WhiteElo "2746"]
[BlackElo "2880"]
[Result "0-1"]
[Round "04"]
[TimeControl "180+1"]
[Date "2021.12.14"]
[WhiteClock "0:00:01"]
[BlackClock "0:00:25"]

1. e4 c5 2. Nc3 Nc6 3. Bb5 Nd4 4. Nf3 e6 5. O-O Ne7 6. Re1 a6 7. Bf1 Nec6 8. d3 Be7 9. Nxd4 Nxd4 10. e5 O-O 11. Ne4 b5 12. c3 Nf5 13. g3 Bb7 14. Bg2 Qc7 15. Bf4 Rad8 16. a4 Bc6 17. axb5 axb5 18. h4 Kh8 19. h5 h6 20. Qd2 Kh7 21. Bh3 Ra8 22. Kh2 Rxa1 23. Rxa1 c4 24. Re1 Qb7 25. Nd6 Nxd6 26. exd6 Bf6 27. Be5 Bxe5 28. Rxe5 f5 29. d4 Bd5 30. Qf4 Rf6 31. g4 fxg4 32. Qxg4 Rxf2+ 33. Kg1 Rf6 34. Re3 Bf3 35. Qh4 Qd5 36. Re5 Qb7 37. Qg3 b4 38. Bg2 bxc3 39. bxc3 Qb1+ 40. Kh2 Qc2 41. Kh3 Bxg2+ 42. Qxg2 Qxc3+ 43. Qg3 Qxd4 44. Ra5 Qd3 0-1


[Site "https://www.chess.com"]

[Event "Titled Tuesday Blitz December 14 2021"]
[White "Mirzoev, Azer"]
[Black "Martinez Alcantara, Jose Eduardo"]
[WhiteFideId "13400304"]
[BlackFideId "3805662"]
[WhiteElo "2525"]
[BlackElo "2690"]
[Result "0-1"]
[Round "04"]
[TimeControl "180+1"]
[Date "2021.12.14"]
[WhiteClock "0:00:16"]
[BlackClock "0:00:56"]

1. d4 d5 2. Nf3 Nf6 3. Bf4 e6 4. e3 Bd6 5. Bg3 c5 6. Nbd2 Qc7 7. c4 Bxg3 8. hxg3 cxd4 9. Nxd4 Nc6 10. cxd5 Nxd4 11. Qa4+ Qd7 12. Qxd4 Qxd5 13. Qxd5 Nxd5 14. Rc1 Bd7 15. Nb3 Ke7 16. Bd3 h6 17. a3 Rac8 18. Kd2 b6 19. Nd4 Rhd8 20. Ke2 Rc5 21. Nb3 Rcc8 22. Ba6 Rxc1 23. Rxc1 e5 24. e4 Nf6 25. Rc7 Nxe4 26. Rxa7 Nd6 27. Nd2 Ke6 28. Bd3 f5 29. f3 Rc8 30. Ra6 Rb8 31. a4 g6 32. b4 Bc8 33. Ra7 Bb7 34. Bc2 Nc8 35. Bb3+ Kf6 36. Rxb7 Rxb7 37. Nc4 b5 38. Na5 Rb6 39. axb5 Rxb5 40. Nc6 Rb6 41. Ba4 Ne7 42. Nxe7 Kxe7 43. b5 Kd6 44. Kd3 Kc5 45. Kc3 Rd6 0-1


[Site "https://www.chess.com"]

[Event "Titled Tuesday Blitz December 14 2021"]
[White "Mitusov, Semen"]
[Black "Moskalenko, Alexander"]
[WhiteFideId "14151049"]
[BlackFideId "4155351"]
[WhiteElo "2246"]
[BlackElo "2515"]
[Result "0-1"]
[Round "04"]
[TimeControl "180+1"]
[Date "2021.12.15"]
[WhiteClock "0:00:05"]
[BlackClock "0:00:21"]

1. e4 c6 2. d4 d5 3. e5 c5 4. dxc5 e6 5. Nf3 Bxc5 6. Bd3 Ne7 7. Nbd2 Ng6 8. Nb3 Bb6 9. O-O Nc6 10. Re1 Bc7 11. Bg5 f6 12. exf6 gxf6 13. Bh6 Kf7 14. h4 e5 15. h5 Nge7 16. Be2 Rg8 17. Nh4 Bb6 18. c4 Be6 19. cxd5 Qxd5 20. Qc2 Nf5 21. Bf3 Nxh4 22. Qxh7+ Ke8 23. Bxd5 Bxd5 24. Bg7 Kf7 25. h6 Nxg2 26. Red1 Nd4 27. Nxd4 Bxd4 28. Rac1 Nh4 29. Rc7+ Ke6 30. Rxd4 exd4 31. Qd3 Nf5 32. Qh3 Rac8 33. Rxc8 Rxc8 34. f3 d3 35. Qf1 Bc4 36. Qe1+ Kf7 37. Qb4 Ba6 38. Qb3+ Kg6 39. Qb4 Rc1+ 40. Kg2 Rc2+ 41. Kh3 Nxg7 42. Qg4+ Kxh6 43. Qf4+ Kg6 44. Qg4+ Kf7 45. Qd7+ Kf8 46. Qd8+ Ne8 47. Qd4 Rc6 48. Qb4+ Rd6 49. Qd2 b6 50. Qh6+ Ke7 51. Qe3+ Kd8 52. Qd2 Bc8+ 53. Kg3 Be6 54. Kf4 Ke7 55. b3 Nc7 56. Kg3 a5 57. Kf2 Nb5 58. Ke1 Na7 59. Kd1 Nc6 60. Qh6 Ne5 61. Qg7+ Nf7 62. f4 d2 63. Qg3 Bf5 64. Qe3+ Kf8 65. Qg3 Bc2+ 66. Kxc2 d1=Q+ 67. Kc3 Qd2+ 68. Kc4 Qb4# 0-1


[Site "https://www.chess.com"]

[Event "Titled Tuesday Blitz December 14 2021"]
[White "Murzin, Volodar"]
[Black "Bortnyk, Olexandr"]
[WhiteFideId "44155573"]
[BlackFideId "14120828"]
[WhiteElo "2761"]
[BlackElo "2928"]
[Result "0-1"]
[Round "04"]
[TimeControl "180+1"]
[Date "2021.12.14"]
[WhiteClock "0:00:02"]
[BlackClock "0:00:06"]

1. e4 Nf6 2. e5 Nd5 3. d4 d6 4. c4 Nb6 5. f4 dxe5 6. fxe5 Bf5 7. Nc3 e6 8. Be3 Bb4 9. Nf3 c5 10. a3 cxd4 11. axb4 dxe3 12. Qxd8+ Kxd8 13. c5 N6d7 14. Bb5 Nc6 15. Bxc6 bxc6 16. Ke2 Kc7 17. Kxe3 Rhb8 18. b5 Nxc5 19. Nd4 cxb5 20. Ncxb5+ Kb6 21. Rhc1 a5 22. Nd6 Bd3 23. Ra3 Ba6 24. Nb3 Nb7 25. Nd4 Nc5 26. Rac3 Rc8 27. Nb3 Nxb3 28. Rxb3+ Ka7 29. Nxc8+ Bxc8 30. Rc7+ Ka6 31. Rxf7 a4 32. Rb4 Ka5 33. Rff4 Bd7 34. Rb7 Bc6 35. Rxg7 Rb8 36. Rc7 Rb3+ 37. Kd4 Bxg2 38. Rf2 Bd5 39. Rxh7 Kb5 40. Rc7 Rb4+ 41. Kc3 Rh4 42. Rcf7 Re4 43. R7f4 Rxe5 44. Kd4 Re1 45. Kc3 Re3+ 46. Kd2 Rb3 47. Kc1 Rh3 48. Rd4 Bb3 49. Rdf4 Rd3 50. Rd2 Re3 51. Rff2 Re1+ 0-1


[Site "https://www.chess.com"]